Map: Ruins of Seras

Players

State - Winner!

  • Race: Protoss Protoss
  • League: Grandmaster

AID

  • Race: Protoss Protoss
  • League: Master

VOD

Have the link to the VOD?

Description

Time

  • Played on: Nov. 24, 2015, 10:51 p.m.
  • Length: 11:00
Show
View Real Time Build Order
Export as new Build Order

State Protoss - Winner!

Build Orders: 1 Gate Expand, Blink Stalkers 

Get SALT Encoding   

  12  0:02  Probe (Chrono Boost)  
  13  0:13  Probe (Chrono Boost)  
  14  0:19  Pylon  
  14  0:23  Probe (Chrono Boost)  
  15  0:37  Probe (Chrono Boost)  
  15  0:39  Gateway  
  15  0:42  Assimilator  
  16  0:47  Probe (Chrono Boost)  
  17  0:58  Probe (Chrono Boost)  
  18  1:09  Probe (Chrono Boost)  
  19  1:23  Nexus  
  19  1:26  Probe (Chrono Boost)  
  20  1:36  Cybernetics Core  
  20  1:40  Probe (Chrono Boost)  
  20  1:45  Assimilator  
  21  1:51  Probe (Chrono Boost)  
  22  1:59  Pylon  
  22  2:01  Probe (Chrono Boost)  
  23  2:15  Warp Gate  
  23  2:17  Adept  
  23  2:18  Mothership Core (Chrono Boost)  
  27  2:29  Twilight Council  
  27  2:35  Probe (Chrono Boost)  
  27  2:36  Probe (Chrono Boost)  
  29  2:46  Probe x2 (Chrono Boost)  
  32  2:51  Stalker  
  32  2:56  Probe (Chrono Boost)  
  32  2:57  Probe (Chrono Boost)  
  34  3:06  Probe (Chrono Boost)  
  34  3:07  Probe (Chrono Boost), Blink (Chrono Boost)  
  36  3:16  Probe  
  36  3:18  Pylon  
  36  3:19  Probe  
  38  3:25  Stalker  
  38  3:26  Probe  
  40  3:31  Probe  
  42  3:37  Probe  
  41  3:43  Probe  
  41  3:44  Gateway  
  41  3:47  Gateway, Probe  
  43  3:56  Probe  
  43  3:58  Probe  
  43  4:00  Robotics Facility  
  46  4:12  Pylon  
  46  4:16  Nexus  
  45  4:21  Probe  
  45  4:22  Probe  
  47  4:27  Gateway  
  47  4:29  Pylon  
  47  4:32  Probe  
  47  4:34  Probe  
  49  4:43  Stalker  
  49  4:44  Stalker  
  49  4:45  Stalker  
  55  4:48  Observer (Chrono Boost)  
  55  4:50  Probe  
  57  4:55  Gateway  
  57  4:57  Gateway  
  57  4:59  Probe  
  58  5:02  Probe  
  59  5:08  Pylon  
  59  5:11  Probe  
  60  5:14  Probe  
  60  5:15  Observer (Chrono Boost)  
  60  5:16  Gateway  
  62  5:22  Pylon x2  
  62  5:24  Pylon  
  62  5:25  Probe  
  62  5:26  Probe  
  64  5:34  Immortal (Chrono Boost)  
  68  5:40  Adept  
  68  5:41  Adept x3  
  76  5:53  Pylon  
  76  6:03  Stalker x4  
  84  6:04  Immortal  
  84  6:10  Pylon  
  88  6:17  Adept x3  
  94  6:20  Probe x2, Assimilator  
  94  6:22  Assimilator  
  95  6:32  Adept x3  
  101  6:33  Adept  
  101  6:36  Probe x2  
  101  6:39  Probe  
  106  6:46  Warp Prism  
  106  6:48  Probe x2  
  106  6:51  Assimilator x2  
  106  6:54  Probe, Forge  
  111  6:59  Robotics Facility  
  111  7:00  Probe  
  112  7:02  Probe  
  112  7:06  Probe  
  112  7:07  Robotics Bay  
  114  7:13  Probe  
  114  7:14  Probe  
  116  7:17  Pylon  
  116  7:20  Adept x3  
  116  7:21  Adept  
  120  7:23  Probe  
  120  7:25  Probe  
  116  7:31  Probe, Protoss Ground Weapons Level 1  
  116  7:34  Resonating Glaives  
  116  7:37  Probe  
  119  7:53  Adept x3  
  119  7:54  Adept  
  119  7:55  Adept  
  119  7:56  Adept x2  
  124  7:58  Probe  
  124  7:59  Probe  
  124  8:10  Probe  
  124  8:11  Probe  
  125  8:15  Probe  
  125  8:20  Photon Cannon  
  125  8:23  Probe x2  
  127  8:29  Disruptor x2 (Chrono Boost)  
  133  8:39  Pylon  
  133  8:40  Pylon  
  133  8:55  Probe x2  
  133  8:57  Probe  
  133  8:59  Nexus  
  133  9:01  Pylon  
  134  9:08  Stalker x3  
  140  9:10  Probe x2  
  140  9:15  Adept  
  144  9:20  Probe  
  144  9:22  Probe x2, Adept  
  132  9:34  Probe  
  132  9:35  Disruptor x2 (Chrono Boost)  
  135  9:38  Probe  
  135  9:41  Adept  
  135  9:45  Probe  
  137  9:50  Templar Archives  
  137  9:54  Probe (Chrono Boost)  
  137  9:55  Probe (Chrono Boost)  
  139  10:03  Probe (Chrono Boost)  
  139  10:07  Probe (Chrono Boost)  
  141  10:12  Disruptor  
  141  10:13  Disruptor  
  146  10:21  Probe x2 (Chrono Boost)  
  146  10:22  Probe (Chrono Boost)  
  146  10:26  Probe (Chrono Boost)  
  145  10:39  Adept x6  
  141  10:45  Probe x2 (Chrono Boost)  
Show
View Real Time Build Order
Export as new Build Order

AID Protoss 

Build Orders: 1 Gate Expand, Blink Stalkers 

Get SALT Encoding   

  12  0:00  Probe (Chrono Boost)  
  13  0:11  Probe (Chrono Boost)  
  14  0:18  Pylon  
  14  0:22  Probe (Chrono Boost)  
  15  0:36  Probe (Chrono Boost)  
  15  0:37  Gateway  
  16  0:44  Assimilator  
  16  0:47  Probe (Chrono Boost)  
  17  0:58  Probe (Chrono Boost)  
  18  1:08  Probe (Chrono Boost)  
  19  1:20  Nexus  
  19  1:29  Cybernetics Core  
  19  1:34  Probe (Chrono Boost)  
  19  1:38  Assimilator  
  20  1:44  Probe (Chrono Boost)  
  21  1:48  Pylon  
  21  1:55  Probe (Chrono Boost)  
  22  2:05  Probe (Chrono Boost)  
  22  2:06  Stalker  
  22  2:07  Warp Gate  
  25  2:16  Probe (Chrono Boost)  
  26  2:27  Mothership Core (Chrono Boost)  
  28  2:32  Probe (Chrono Boost)  
  29  2:37  Pylon  
  29  2:42  Stalker  
  29  2:43  Probe (Chrono Boost)  
  32  2:45  Probe (Chrono Boost)  
  33  2:53  Probe (Chrono Boost)  
  33  2:55  Probe (Chrono Boost)  
  35  2:59  Robotics Facility  
  35  3:04  Probe (Chrono Boost)  
  36  3:06  Probe (Chrono Boost)  
  36  3:14  Probe (Chrono Boost)  
  36  3:16  Sentry  
  36  3:17  Probe (Chrono Boost)  
  40  3:25  Twilight Council, Probe (Chrono Boost)  
  41  3:27  Probe (Chrono Boost)  
  42  3:35  Probe (Chrono Boost)  
  42  3:38  Probe (Chrono Boost)  
  43  3:46  Probe (Chrono Boost), Observer  
  46  3:48  Probe (Chrono Boost), Assimilator x2  
  46  3:50  Pylon  
  46  3:51  Blink (Chrono Boost)  
  46  3:56  Probe (Chrono Boost), Pylon  
  46  3:59  Probe (Chrono Boost)  
  46  4:01  Pylon  
  48  4:10  Probe x2  
  48  4:14  Adept  
  52  4:22  Probe x2  
  54  4:25  Immortal (Chrono Boost)  
  58  4:34  Probe x2  
  60  4:40  Gateway  
  60  4:41  Gateway  
  60  4:44  Gateway  
  60  4:49  Adept  
  62  4:59  Observer (Chrono Boost), Forge  
  63  5:01  Pylon  
  63  5:11  Stalker  
  65  5:18  Warp Prism (Chrono Boost)  
  67  5:28  Nexus  
  67  5:32  Pylon  
  67  5:37  Stalker x3  
  67  5:40  Stalker  
  74  5:51  Protoss Ground Weapons Level 1 (Chrono Boost)  
  74  5:58  Gateway x2  
  74  6:00  Gateway  
  74  6:13  Stalker x3  
  74  6:15  Stalker  
  83  6:32  Probe  
  83  6:33  Probe  
  83  6:37  Immortal  
  83  6:39  Probe  
  88  6:43  Templar Archives  
  88  6:44  Probe  
  88  6:45  Probe, Charge (Chrono Boost)  
  91  6:49  Probe  
  92  6:57  Probe x2  
  92  7:00  Probe  
  94  7:04  Adept x5  
  94  7:07  Adept  
  97  7:36  Immortal  
  95  7:38  Adept x6  
  95  7:39  Adept  
  95  7:41  Pylon x2  
  95  7:44  Pylon  
  103  8:06  Protoss Ground Weapons Level 2 (Chrono Boost)  
  103  8:12  High Templar x4  
  103  8:13  Zealot x3  
  103  8:15  Assimilator  
  103  8:16  Immortal  
  103  8:18  Assimilator  
  113  8:23  Gateway  
  113  8:24  Gateway, Pylon  
  113  8:28  Archon x2  
  113  8:36  High Templar x2  
  113  8:37  Zealot  
  117  8:42  Pylon  
  117  8:43  Pylon  
  117  8:50  Archon  
  117  8:54  Zealot x4  
  125  8:58  Observer  
  125  9:00  Adept  
  128  9:09  Adept x2  
  116  9:19  Stalker x6  
  116  9:24  Adept  
  119  9:38  Adept x2  
  123  9:42  Zealot x7  
  131  9:52  Probe x3  
  132  10:04  Probe x3  
  132  10:06  High Templar x2  
  139  10:10  Archon  
  139  10:17  Zealot x3  
  139  10:19  Zealot  
  147  10:26  High Templar x2  
  147  10:27  Zealot  
  153  10:30  Archon  
  104  10:49  Zealot x6  
Tags
 
Add a new tag
Caveats
  • Supply blocks, unpowered buildings, or Contaminate may cause inaccurate times.
  • Supply counts are checked every 10 seconds.